 Dungeon Crawl Stone Soup version 0.19.1-1-g22dce08 (webtiles) character file.

166 galech the Shield-Bearer (level 5, -1/49 HPs)
             Began as a Deep Dwarf Fighter on Jan 1, 2017.
             Killed by divine providence
             ... invoked by an orc priest
              (12 damage)
             ... on level 3 of the Dungeon.
             The game lasted 00:03:57 (1336 turns).

galech the Shield-Bearer (Deep Dwarf Fighter)       Turns: 1336, Time: 00:03:59

Health: -1/49      AC:  8    Str: 20    XL:     5   Next: 22%
Magic:  3/3        EV:  7    Int: 11    God:
Gold:   107        SH:  9    Dex: 12    Spells: 0 memorised, 4 levels left

rFire  . . .     SeeInvis .     a - +0 war axe
rCold  . . .     Gourm    .     b - +0 scale mail
rNeg   . . .     Faith    .     c - +0 shield
rPois  .         Spirit   .     (no helmet)
rElec  .         Reflect  .     m - +0 cloak
rCorr  +         Harm     .     (no gloves)
MR     .....                    (no boots)
Stlth  ..........               u - amulet of rage
                                n - ring of resist corrosion
                                j - +2 ring of intelligence

@: non-regenerating
A: damage resistance, recharge devices, sense surroundings 1, slow regeneration
3
a: Device Recharging, Evoke Berserk Rage


You were on level 3 of the Dungeon.
You were not hungry.

You visited 1 branch of the dungeon, and saw 3 of its levels.

You collected 107 gold pieces.

Inventory:

Hand Weapons
 a - a +0 war axe (weapon)
Armour
 b - a +0 scale mail (worn)
 c - a +0 shield (worn)
 m - a +0 cloak (worn)
Jewellery
 j - a +2 ring of intelligence (left hand)
 n - a ring of resist corrosion (right hand)
 u - an amulet of rage (around neck)
Wands
 e - a wand of heal wounds (5/9)
Scrolls
 h - 3 scrolls of teleportation {unknown}
 o - 2 scrolls of identify {unknown}
 r - 3 scrolls of recharging {unknown}
 s - 2 scrolls of remove curse {unknown}
 t - a scroll of fog {unknown}
Potions
 d - a potion of might
 i - a potion of magic {unknown}
 k - a potion of brilliance {unknown}
 p - a potion of haste {unknown}
Comestibles
 f - 5 bread rations
 g - 4 chunks of flesh
 l - a beef jerky
 q - 3 meat rations


   Skills:
 + Level 3.6 Fighting
 + Level 3.4 Axes
 + Level 4.1 Armour
 + Level 4.5 Shields


You had 4 spell levels left.
You didn't know any spells.

Dungeon Overview and Level Annotations

Branches:
Dungeon (3/15)

Altars:
Fedhas
Ru
The Shining One


Innate Abilities, Weirdness & Mutations

You are resistant to damage.
You can recharge devices by infusing magical energy.
You passively map a small area around you.
You do not regenerate.


Message History

The orc priest is severely wounded.
You hit the fungus.
You destroy the fungus!
You block the orc priest's attack.
You barely miss the orc priest.
The orc priest is severely wounded.
The quokka bites the plant.
The orc priest calls down the wrath of Beogh upon you.
Pain shoots through your body!
* * * LOW HITPOINT WARNING * * *
The quokka bites the fungus.
You block the orc priest's attack.
You hit the orc priest but do no damage.
The orc priest is severely wounded.
The quokka bites the fungus. x2; You block the orc priest's attack.
You hit the orc priest.
The orc priest is almost dead.
The quokka bites the fungus but does no damage.
The orc priest calls down the wrath of Beogh upon you.
Beogh smites you!
You die...

** #....# #.... , #.
*#..# ####. , #.##
#..# #. #... *,
###..#######. #... ,
#............ * #...
#.#..######## *
##.#.## #.#..########
#...o[####.#..........
#..P.@)%..#..#########
#PP...####.### *
*#PP_PP# #.# * **** ,
, , ...PPP.P# #.# , ,,
##..rPP.# #.# ** *
##.##.$# #.# * , ..#
..## #.# * * ### ##
#.# #.# ,


You could see an orc priest and a quokka.

Vanquished Creatures
  Natasha (thrice) (D:2)
  3 gnolls (D:2)
  An adder (D:2)
  An ooze (D:2)
  2 worms (D:2)
  2 orcs (D:3)
  6 bats
  2 giant cockroaches
  3 goblins (D:2)
  4 hobgoblins
  4 jackals (D:3)
  2 frilled lizards
  5 kobolds
  A quokka skeleton (D:3)
  9 rats
  2 fungi (D:3)
50 creatures vanquished.

Vanquished Creatures (others)
  A fungus (D:3)
1 creature vanquished.

Grand Total: 51 creatures vanquished

Notes
Turn   | Place    | Note
-------+----------+-------------------------------------------
     0 | D:1      | galech the Deep Dwarf Fighter began the quest for the Orb.
     0 | D:1      | Reached XP level 1. HP: 20/20 MP: 1/1
   229 | D:1      | Reached XP level 2. HP: 27/27 MP: 2/2
   552 | D:2      | Noticed Natasha
   555 | D:2      | Noticed a crimson imp
   556 | D:2      | Noticed a crimson imp
   560 | D:2      | Killed Natasha
   560 | D:2      | Reached XP level 3. HP: 28/34 MP: 3/3
   742 | D:2      | Noticed Natasha
   763 | D:2      | Killed Natasha
   763 | D:2      | Reached XP level 4. HP: 4/42 MP: 4/4
   862 | D:2      | Noticed Natasha
   878 | D:2      | Killed Natasha
   912 | D:2      | Reached XP level 5. HP: 31/49 MP: 5/5
   931 | D:2      | Found a sacrificial altar of Ru.
  1252 | D:3      | Found a glowing golden altar of the Shining One.
  1307 | D:3      | Found a blossoming altar of Fedhas.
  1336 | D:3      | Killed from afar by an orc priest

Skill      XL: |  1  2  3  4 |
---------------+-------------+-----
Fighting       | 3 |  3.6
Shields        | 4 |  4.5
Axes           | 3 |  3.4
Armour         | 4 |  4.1

Action                   |  1- 3 |  4- 6 || total
-------------------------+-------+-------++-------
Melee: War axe           |    74 |   105 ||   179
 Abil: Device Recharging |       |     2 ||     2
Evoke: Wand              |     1 |     5 ||     6
  Eat: Chunk             |       |     2 ||     2
Armor: Scale mail        |    42 |    76 ||   118
Dodge: Dodged            |    25 |    49 ||    74
Block: Shield            |    57 |    85 ||   142
